 Dungeon Crawl Stone Soup version bcrawl-1.19.1 (webtiles) character file.

Game seed: 7725907309334356566

7 diana the Ruffian (level 2, -2/24 HPs)
             Began as an Oni Skald on Nov 24, 2019.
             Slain by a hobgoblin (4 damage)
             ... on level 1 of the Dungeon.
             The game lasted 00:00:57 (84 turns).

diana the Ruffian (Oni Skald)                         Turns: 84, Time: 00:00:58

Health: -2/24      AC:  3    Str: 14    XL:     2   Next: 4%
Magic:  1/6        EV: 11    Int: 14    God:
Gold:   0          SH:  0    Dex: 10    Spells: 3/4 levels left

rFire    . . .     SeeInvis .     - Unarmed
rCold    . . .     Gourm    .   (no shield)
rNeg     . . .     Faith    .   a - +0 leather armour
rPois    .         Spirit   .   (helmet restricted)
rElec    .         Reflect  .   (no cloak)
rCorr    .         Harm     .   (no gloves)
MR       .....                  (no boots)
Stlth    +.........             (no amulet)
HPRegen  0.08/turn              (no ring)
MPRegen  0.10/turn              (no ring)

@: infused (expiring)
A: oni magic, claws 1, fangs 1, horns 1
a: no special abilities


You were on level 1 of the Dungeon.
You were not hungry.

You visited 1 branch of the dungeon, and saw 1 of its levels.

Inventory:

Armour
 a - a +0 leather armour (worn)
Scrolls
 c - a scroll of fear
Comestibles
 d - a ration {!d}


   Skills:
 + Level 2.1 Fighting
 + Level 1.1 Armour
 + Level 1.9 Dodging
 + Level 2.1 Unarmed Combat
 + Level 1.5 Spellcasting
   Level 1.5 Conjurations
   Level 1.5 Hexes
   Level 1.5 Charms
   Level 1.5 Summonings
   Level 1.5 Necromancy
   Level 1.5 Translocations
   Level 1.5 Transmutations
   Level 1.5 Fire Magic
   Level 1.5 Ice Magic
   Level 1.5 Air Magic
   Level 1.5 Earth Magic
   Level 1.5 Poison Magic


You had 3 spell levels left.
You knew the following spells:

 Your Spells              Type           Power        Failure   Level  Hunger
a - Infusion              Chrm           #.......     16%         1    ##.....

Your spell library contained the following spells:

 Spells                   Type           Power        Failure   Level  Hunger
 Magic Dart               Conj           #...         16%         1    ##.....
 Song of Slaying          Chrm           #.......     22%         2    ###....
 Ozocubu's Armour         Chrm/Ice       #.......     45%         3    ####...
 Regeneration             Chrm/Necr      #.........   45%         3    ####...
 Spectral Weapon          Hex/Chrm       #.......     45%         3    ####...


Dungeon Overview and Level Annotations

Branches:
Dungeon (1/12)

Altars:


Innate Abilities, Weirdness & Mutations

You learn spells by gaining experience, not through books or religion.
You only train spellcasting to practice magic.
You have sharp fingernails.
You have very sharp teeth.
You have a pair of small horns on your head.


Message History

* * * LOW HITPOINT WARNING * * *
You closely miss the kobold.
The kobold is heavily wounded.
Your magical infusion is running out.
The kobold closely misses you.
You scratch the kobold.
You kill the kobold!
You have reached level 2!
You have discovered the spell Magic Dart.
You closely miss the hobgoblin. You headbutt the hobgoblin.
The hobgoblin is heavily wounded.
The hobgoblin misses you.
You barely miss the hobgoblin. You headbutt the hobgoblin.
The hobgoblin is almost dead.
The hobgoblin hits you.
* * * LOW HITPOINT WARNING * * *
You barely miss the hobgoblin. Your headbutt misses the hobgoblin.
The hobgoblin is almost dead.
The hobgoblin hits you.
You die...

######.## #.#.#..#
........## #.#.)...
.........######.#.#.>#
#.#####................
#.#####..#########.##.# #
.......................
#.###.##.##..##############
.....##.##..######
........g@.......#
.#.###.##.##†.####.#
...g.................
.....................
.#.######.##.........
#.##.#####.#. #.#### .. #.#
. #.#


You could see a hobgoblin.

Vanquished Creatures
  A dart slug (D:1)
  3 bats (D:1)
  A kobold (D:1)
5 creatures vanquished.

Notes
Turn   | Place    | Note
-------+----------+-------------------------------------------
     0 | D:1      | diana the Oni Skald began the quest for the Orb.
     0 | D:1      | Reached XP level 1. HP: 17/17 MP: 4/4
    66 | D:1      | Reached skill level 1 in Armour
    81 | D:1      | Reached XP level 2. HP: 2/24 MP: 1/6
    84 | D:1      | Slain by a hobgoblin

Skill      XL: |  1 |
---------------+----+-----
Armour         | 1 |  1.1
Fighting       | |  2.1
Dodging        | |  1.9
Unarmed Combat | |  2.1
Spellcasting   | |  1.5
Conjurations   | |  1.5
Hexes          | |  1.5
Charms         | |  1.5
Summonings     | |  1.5
Necromancy     | |  1.5
Translocations | |  1.5
Transmutations | |  1.5
Fire Magic     | |  1.5
Ice Magic      | |  1.5
Air Magic      | |  1.5
Earth Magic    | |  1.5
Poison Magic   | |  1.5

Action                   || total
-------------------------++-------
Melee: Unarmed           ||    19
       Headbutt          ||     3
       Bite              ||     1
 Cast: Infusion          ||     1
Armor: Leather armour    ||    16
Dodge: Dodged            ||    20
